 Dungeon Crawl Stone Soup version 0.31-a0-188-g5e087ee2ca (webtiles) character file.

Game seed: 16944071922971248376

44 qw the Shooter (level 3, 0/20 HPs)
             Began as a Deep Elf Hunter on June 23, 2023.
             Slain by a goblin
             ... wielding a +0 dagger
             ... led by Robin
              (5 damage)
             ... on level 2 of the Dungeon.
             The game lasted 00:00:23 (649 turns).

qw the Shooter (Deep Elf Hunter)                     Turns: 649, Time: 00:00:23

Health: 0/20       AC:  5    Str: 10    XL:     3   Next: 41%
Magic:  5/5        EV: 11    Int: 13    God:
Gold:   35         SH:  0    Dex: 18    Spells: 2/2 levels left

rFire   . . .        Y - +3 shortbow (flame)
rCold   . . .        (shield currently unavailable)
rNeg    . . .        e - +0 ring mail
rPois   .            (no helmet)
rElec   .            (no cloak)
rCorr   .            (no gloves)
SInv    .            (no boots)
Will    .....        (no amulet)
Stlth   +            (no ring)
HPRegen 0.23/turn    (no ring)
MPRegen 0.09/turn

%: no passive effects
@: no status effects
A: no striking features
a: no special abilities


You were on level 2 of the Dungeon.
You visited 1 branch of the dungeon, and saw 2 of its levels.

You collected 35 gold pieces.


   Skills:
 - Level 1.5 Fighting
 + Level 7.0 Ranged Weapons
 - Level 2.4 Dodging
 - Level 1.2 Stealth


You had 2 spell levels left.
You didn't know any spells.
Your spell library was empty.

Inventory:

Hand Weapons
 Y - a +3 shortbow of flaming (weapon)
Armour
 e - a +0 ring mail (worn)
Potions
 i - a potion of mutation {unknown}
 j - a potion of degeneration {unknown}

Dungeon Overview and Level Annotations

Branches:
Dungeon (2/15)

Altars:

Annotations:
D:2 Robin


Message History

You kill the goblin!
A rat comes into view.
The goblin hits you with a +0 dagger.
You shoot an arrow. The arrow hits the goblin.
The arrow burns the goblin.
You kill the goblin!
A goblin comes into view. It is wielding a +0 dagger.
The goblin hits you with a +0 dagger. The goblin hits you but does no damage.
You shoot an arrow. The arrow hits the goblin!
The arrow burns the goblin.
You kill the goblin!
The goblin hits you but does no damage.
Robin roars a battlecry!
The goblins go into a battle-frenzy!
You hear a shout!
You shoot an arrow. The arrow closely misses the kobold.
The kobold closely misses you.
You shoot an arrow. The arrow hits the kobold!
The arrow burns the kobold.
You kill the kobold!
The goblin closely misses you.
You shoot an arrow. The arrow hits the goblin!
The arrow burns the goblin.
You kill the goblin!
The goblin barely misses you. Robin throws the goblin at you!
The goblin hits you with a +0 club.
You shoot an arrow. The arrow barely misses the goblin.
The rat twitches its whiskers.
The rat completely misses you. The goblin hits you but does no damage.
Robin drinks a potion.
Robin flickers and vanishes!
Deactivating autopickup; reactivate with Ctrl-A.
The goblin barely misses you. The rat barely misses you.
A goblin comes into view. It is wielding a +0 club.
The goblin hits you with a +0 dagger. The goblin closely misses you.
You shoot an arrow. The arrow closely misses the goblin.
The rat bites you but does no damage. The goblin closely misses you.
The goblin hits you with a +0 club.
You shoot an arrow. The arrow hits the goblin!
The arrow burns the goblin.
You kill the goblin!
The goblin closely misses you. The rat bites you.
Your Ranged Weapons skill increases to level 7!
You shoot an arrow. The arrow closely misses the rat.
The goblin hits you with a +0 dagger.
You die...

#.# #.# #.# #.#
## #<# # .. #^#
...#g #.#
#....#g##
#..).r@.#
#....).).....#
#.........###..
..#.......# .
###.....#
#.....# ####.##
##


You could see 2 goblins and a rat.

Vanquished Creatures
  2 giant cockroaches (D:1)
  13 goblins
  4 hobgoblins
  3 jackals (D:1)
  3 kobolds
  5 bats (D:1)
  2 frilled lizards (D:1)
  4 rats (D:1)
36 creatures vanquished.

Notes
Turn   | Place    | Note
-------+----------+-------------------------------------------
     0 | D:1      | qw the Deep Elf Hunter began the quest for the Orb.
     0 | D:1      | Reached XP level 1. HP: 12/12 MP: 3/3
     0 | D:1      | 0 ||| qw: Version: 0.3-a-9-g12657ce
     0 | D:1      | 0 ||| qw: Game counter: 3475
     0 | D:1      | 0 ||| qw: Always use a shield: true
     0 | D:1      | 0 ||| qw: God list: Okawaru
     0 | D:1      | 0 ||| qw: Allow faded altars: false
     0 | D:1      | 0 ||| qw: Do Orc after D:15 true
     0 | D:1      | 0 ||| qw: Do second Lair branch before Depths: true
     0 | D:1      | 0 ||| qw: Lair rune preference: random
     0 | D:1      | 0 ||| qw: Plans: Normal
     0 | D:1      | 0 ||| PLANNING D:1-11
    85 | D:1      | Found a faded altar of an unknown god.
    93 | D:1      | Reached skill level 6 in Ranged Weapons
    93 | D:1      | Reached XP level 2. HP: 16/16 MP: 4/4
   368 | D:1      | Reached XP level 3. HP: 15/20 MP: 5/5
   578 | D:1      | 578 ||| UPGRADING to +0 ring mail.
   588 | D:1      | 588 ||| DROPPING +0 leather armour.
   589 | D:1      | 589 ||| READING scroll labelled QORCHU GOPPENAT.
   590 | D:1      | 590 ||| READING scroll labelled EMIKHL KIWILASH.
   591 | D:1      | 591 ||| READING scroll labelled ROKOHA ZOT UHO.
   591 | D:1      | Identified a scroll of acquirement
   591 | D:1      | 591 ||| ACQUIRING +3 shortbow of flaming
   591 | D:1      | Acquired a +3 shortbow of flaming
   593 | D:1      | 593 ||| SWAPPING to +3 shortbow of flaming.
   594 | D:1      | 594 ||| DROPPING +0 shortbow of flaming.
   595 | D:1      | 595 ||| READING scroll labelled AVUTIMO SIRAHU.
   596 | D:1      | 596 ||| READING scroll labelled BALUCZUXTYWN.
   597 | D:1      | 597 ||| DROPPING scroll of butterflies.
   638 | D:2      | Noticed Robin
   648 | D:2      | HP: 5/20 [rat (3)]
   649 | D:2      | Reached skill level 7 in Ranged Weapons
   649 | D:2      | Slain by a goblin

Levels and vault maps discovered:
D:1:      ncdulo_wetmaze, layout_basic, ebering_ecumenical_altar_hall
D:2:      layout_loops_ring, uniq_natasha, uniq_robin

Skill      XL: |  1  2  3 |
---------------+----------+-----
Ranged Weapons | 6 7 |  7.0
Fighting       | |  1.5
Dodging        | |  2.4
Stealth        | |  1.2

Action                     || total
---------------------------++-------
   Fire: Shortbow          ||    98
    Use: Scroll            ||     5
 Armour: Leather armour    ||    17
         Ring mail         ||     5
  Dodge: Dodged            ||    44

Table legend:
 A = Non-vault XP
 B = Vault XP
 C = Vault XP percentage of total XP
 D = Non-vault monster count
 E = Vault monster count
 F = Vault count percentage of total count
                 A         B        C        D         E       F
            +---------+---------+-------+---------+---------+-------
      Total |      50 |      14 |  21.9 |      29 |       7 |  19.4
            +---------+---------+-------+---------+---------+-------
        D:1 |      48 |       0 |   0.0 |      28 |       0 |   0.0
        D:2 |       2 |      14 |  87.5 |       1 |       7 |  87.5
            +---------+---------+-------+---------+---------+-------
